 Dungeon Crawl Stone Soup version 0.20-a0-839-gdaf5c57 (webtiles) character file.

35 4thArraOfDagon the Digger (level 3, 0/14 HPs)
             Began as a Felid Earth Elementalist on Mar 8, 2017.
             Succumbed to an adder's poison
             ... on level 3 of the Dungeon.
             The game lasted 00:02:15 (395 turns).

4thArraOfDagon the Digger (Felid Earth Elementalist) Turns: 395, Time: 00:02:17

Health: 0/14       AC:  1    Str:  4    XL:     3   Next: 16%
Magic:  4/7        EV: 18    Int: 17    God:
Gold:   83         SH:  0    Dex: 16    Spells: 5/6 levels left
                                        Lives:  0   Deaths: 0

rFire    . . .     SeeInvis +     - Unarmed
rCold    . . .     Gourm    .   (armour unavailable)
rNeg     . . .     Faith    .   (shield unavailable)
rPois    .         Spirit   .   (helmet unavailable)
rElec    .         Reflect  .   (cloak unavailable)
rCorr    .         Harm     .   (gloves unavailable)
MR       .....                  (boots unavailable)
Stlth    +++.......             (no amulet)
Regen    0.1/turn               (no ring)
MPRegen  0.1/turn               (no ring)

@: lethally poisoned (0 -> -6), quick
A: no armour, no weapons or thrown items, stealth, claws 1, fangs 3, see
invisible, carnivore 3, speed 1, shaggy fur 1, slow metabolism 1, sharp paws
a: no special abilities


You were on level 3 of the Dungeon.
You were very full.

You visited 1 branch of the dungeon, and saw 3 of its levels.

You collected 83 gold pieces.

Inventory:

Missiles
 b - 87 stones
Scrolls
 e - a scroll of magic mapping {unknown}
Books
 d - a book of Geomancy

   Spells                             Type                      Level
   a - Sandblast                      Earth                        1
   b - Passwall                       Transmutation/Earth          2
   c - Stone Arrow                    Conjuration/Earth            3
   d - Petrify                        Transmutation/Earth          4
   e - Lee's Rapid Deconstruction     Earth                        5
Comestibles
 c - 3 meat rations


   Skills:
 - Level 2.6 Dodging
 - Level 2.6 Stealth
 * Level 2.2 Unarmed Combat
 - Level 2.0 Spellcasting
   Level 1.1 Transmutations
 * Level 3.1 Earth Magic


You had 5 spell levels left.
You knew the following spells:

 Your Spells              Type           Power        Failure   Level  Hunger
a - Sandblast             Erth           ##....       6%          1    #......


Dungeon Overview and Level Annotations

Branches:
Dungeon (3/15)

Altars:


Innate Abilities, Weirdness & Mutations

You cannot wear armour.
You are incapable of wielding weapons or throwing items.
Your paws allow you to move quietly. (Stealth)
You have sharp claws.
You have razor-sharp teeth.
You have supernaturally acute eyesight. (SInv)
You are carnivorous and can eat meat at any time.
You cover ground quickly.
You are covered in fur. (AC +1)
You have a slow metabolism.
Your sharp claws are effective at attacking unaware monsters.


Message History

You kill the adder!
You have reached level 3!
Your experience leads to an increase in your attributes!
Increase (S)trength, (I)ntelligence, or (D)exterity?
You feel clever.
b - 87 stones You feel sick.
* * * LOW HITPOINT WARNING * * *
You feel sick.
* * * LOW HITPOINT WARNING * * *
You feel sick.
* * * LOW HITPOINT WARNING * * *
You feel sick.
* * * LOW HITPOINT WARNING * * *
You feel sick.
You open the door.
There is an open door here.
You aren't carrying any potions.
Okay, then.
You die...

# #.# ...#..# #..(
#######.#######.###..# ###.
...................... #..
#############.#.###..< ##. #.#
.....## ## ###########'##
###.## # #............# #.#.##
# #............#####.#..### #
#............'@......<#.# #
#............######...#.#######
#............# #...#........
#............# #...รท.######.
#............# #.#.#.# #.
#............# #.#)#.# #.
#..).....)...# #.#.#.# #.
#............# #.#.#.# #.
#............# #.#.# #.


There were no monsters in sight!

Vanquished Creatures
  2 adders (D:3)
  2 orcs (D:3)
  A bat (D:3)
  A giant cockroach (D:1)
  4 goblins
  A hobgoblin (D:3)
  2 rats
13 creatures vanquished.

Notes
Turn   | Place    | Note
-------+----------+-------------------------------------------
     0 | D:1      | 4thArraOfDagon the Felid Earth Elementalist began the quest for the Orb.
     0 | D:1      | Reached XP level 1. HP: 7/7 MP: 4/4
   108 | D:2      | Reached skill level 1 in Unarmed Combat
   203 | D:3      | Reached XP level 2. HP: 11/11 MP: 0/6
   323 | D:3      | Reached skill level 3 in Earth Magic
   385 | D:3      | Reached XP level 3. HP: 6/14 MP: 3/7
   395 | D:3      | Succumbed to an adder's poison

Vault maps used:
D:1:      dpeg_arrival_long_road, fountainhead
D:2:      old_standard_altar, first_bread, minmay_misc_feat_more_columns
D:3:      lemuel_round_altar

Skill      XL: |  1  2 |
---------------+-------+-----
Unarmed Combat | 1 2 |  2.2
Earth Magic    | 3 |  3.1
Dodging        | |  2.6
Stealth        | |  2.6
Spellcasting   | |  2.0
Transmutations | |  1.1

Action                   || total
-------------------------++-------
Melee: Unarmed           ||    14
 Cast: Sandblast         ||    11
  Use: Potion            ||     1
 Stab: Sleeping          ||     5
  Eat: Chunk             ||     5
Dodge: Dodged            ||    13
